 Dungeon Crawl Stone Soup version 0.28.0-43-g3370ac3207 (webtiles) character file.

Game seed: 18002072714760486231

251 zeratav the Insei (level 6, -5/38 HPs)
             Began as an Octopode Transmuter on Apr 2, 2022.
             Slain by a gnoll shaman
             ... wielding a +0 whip
              (8 damage)
             ... on level 4 of the Dungeon.
             The game lasted 00:08:24 (2506 turns).

zeratav the Insei (Octopode Transmuter)             Turns: 2506, Time: 00:08:25

Health: -5/38      AC:  1    Str:  9    XL:     6   Next: 13%
Magic:  9/10       EV: 13    Int: 18    God:
Gold:   118        SH:  0    Dex: 12    Spells: 7/11 levels left

rFire   . . .      SeeInvis .   e - +3 short sword (venom)
rCold   . . .      Faith    .   (no shield)
rNeg    . . .      Spirit   .   (helmet currently unavailable)
rPois   .          Reflect  .   (no amulet)
rElec   .          Harm     .   (no ring)
rCorr   .          Rampage  .   (no ring)
Will    .....                   (no ring)
Stlth   +++.......              (no ring)
HPRegen 0.12/turn               (no ring)
MPRegen 0.12/turn               (no ring)
                                (no ring)
                                (no ring)

@: lethally poisoned (-5 -> -20), appendages
A: tentacle spike 3, almost no armour, amphibious, 8 rings, camouflage 1,
gelatinous body 1, (nimble swimmer 1), tentacles
a: End Transformation


You were on level 4 of the Dungeon.
One of your tentacles had grown a beastly spike.
You visited 1 branch of the dungeon, and saw 4 of its levels.

You collected 118 gold pieces.

Inventory:

Hand Weapons
 b - a +0 hunting sling
 e - a +3 short sword of venom (weapon)
Missiles
 l - 17 sling bullets
 m - 5 poisoned darts (quivered)
Wands
 k - a wand of polymorph (5)
 q - a wand of digging (3)
Scrolls
 a - 2 scrolls of identify {unknown}
 c - 2 scrolls of summoning {unknown}
 d - a scroll of amnesia {unknown}
 f - a scroll of enchant weapon {unknown}
 g - a scroll of blinking {unknown}
 i - a scroll of fog {unknown}
 n - a scroll of fear {unknown}
 o - a scroll of silence {unknown}
Potions
 h - 2 potions of heal wounds
 j - a potion of attraction {unknown}
 p - a potion of haste {unknown}


   Skills:
 + Level 1.3 Fighting
 + Level 2.7 Dodging
 - Level 1.1 Stealth
 + Level 4.7 Unarmed Combat
 + Level 3.2 Spellcasting
 + Level 3.0 Transmutations
 * Level 1.2 Poison Magic


You had 7 spell levels left.
You knew the following spells:

 Your Spells              Type           Power      Damage    Failure   Level
a - Beastly Appendage     Tmut           26%        N/A       4%          1
b - Spider Form           Tmut/Pois      10%        N/A       21%         3

Your spell library contained the following spells:

 Spells                   Type           Power      Damage    Failure   Level
 Wereblood                Tmut           13%        N/A       7%          2
 Slow                     Hex            8%         N/A       16%         1
 Ignite Poison            Fire/Tmut/Pois 7%         N/A       26%         3
 Mephitic Cloud           Conj/Pois/Air  4%         N/A       38%         3
 Confusing Touch          Hex            2%         N/A       43%         3
 Inner Flame              Hex/Fire       2%         N/A       43%         3
 Ozocubu's Armour         Ice            2%         N/A       43%         3
 Summon Guardian Golem    Hex/Summ       2%         N/A       43%         3
 Vampiric Draining        Necr           2%         2d6       43%         3
 Ice Form                 Ice/Tmut       8%         N/A       65%         4
 Petrify                  Tmut/Erth      8%         N/A       65%         4
 Blade Hands              Tmut           6%         N/A       78%         5
 Cause Fear               Hex            1%         N/A       85%         4
 Alistair's Intoxication  Tmut/Pois      6%         N/A       88%         5
 Freezing Cloud           Conj/Ice/Air   1%         6-21      99%         5
 Eringya's Noxious Bog    Tmut/Pois      5%         N/A       100%        6
 Orb of Destruction       Conj           1%         9d5       100%        7
 Ozocubu's Refrigeration  Ice            1%         4d5       100%        7
 Spellforged Servitor     Conj/Summ      1%         N/A       100%        7
 Discord                  Hex            1%         N/A       100%        8


Dungeon Overview and Level Annotations

Branches:
Dungeon (4/15)
 Temple: D:4-7

Altars:


Innate Abilities, Weirdness & Mutations

One of your tentacles has grown a beastly spike.
You cannot wear most types of armour.
You are amphibious.
You can wear up to eight rings at the same time.
Your skin changes colour to match your surroundings (Stealth+).
Your rubbery body absorbs attacks. (AC +1, EV +1)
((You are camouflaged when in or above water. (Stealth+)))
You have tentacles for arms and can constrict up to eight enemies at once.


Message History

HP restored.
There is a stone staircase leading down here.
You climb downwards.
There is a stone staircase leading up here.
Casting: Beastly Appendage (safe; 4% risk of failure)
Confirm with . or Enter, or press ? or * to list all spells.
One of your tentacles grows a vicious spike.
The gnoll shaman calls upon its god to speed up something.
You barely miss the scorpion. Your grab misses the scorpion.
You squeeze the scorpion, but do no damage.
The scorpion stings you.
You are poisoned.
The scorpion poisons you! The scorpion stings you!
You are more poisoned.
The scorpion poisons you!
You hit the scorpion.
The scorpion is poisoned.
You grab the scorpion. You tentacle-slap the scorpion.
The scorpion is moderately wounded.
You constrict the scorpion.
You feel very sick. The scorpion stings you.
You are more poisoned.
The scorpion poisons you!
You hit the scorpion.
You squeeze the scorpion, but do no damage.
The scorpion is heavily wounded.
You constrict the scorpion.
You feel very sick. The gnoll shaman misses you. The scorpion stings you.
* * * LOW HITPOINT WARNING * * *
The gnoll misses you. The gnoll shaman misses you.
You hit the scorpion.
You kill the scorpion!
* * * LOW HITPOINT WARNING * * *
You feel very sick. The gnoll completely misses you.
The gnoll hits you from afar with a +0 halberd.
* * * LOW HITPOINT WARNING * * *
The gnoll shaman hits you with a +0 whip!
You die...

........# ##
#....... .. ##
#......##....
#......#....
#........ .# .
<###......###.##.#
#..#.....#..#......
#...............#
.#
..##.......@..###.#
#......#†g.#...#
#......##g...#
###.......#...#
##........#.#.# ...
#...........# .#
#.. #....g.#.....#
#
#..##......#.....#
#..#.....#...##....


You could see a gnoll shaman and a gnoll (fast).

Vanquished Creatures
  Sigmund (D:2)
  A scorpion (D:4)
  3 gnolls
  An adder (D:4)
  2 worms
  3 orcs (D:3)
  4 endoplasms (D:2)
  6 goblins
  5 hobgoblins
  7 ball pythons
  6 bats
  5 frilled lizards
  5 kobolds
  7 rats
56 creatures vanquished.

Vanquished Creatures (others)
  5 plants (D:1)
5 creatures vanquished.

Grand Total: 61 creatures vanquished

Notes
Turn   | Place    | Note
-------+----------+-------------------------------------------
     0 | D:1      | zeratav the Octopode Transmuter began the quest for the
                  | Orb.
     0 | D:1      | Reached XP level 1. HP: 13/13 MP: 3/3
   264 | D:1      | Reached XP level 2. HP: 18/18 MP: 3/5
   785 | D:1      | Got the Grimoire of Changing
   880 | D:2      | Noticed Sigmund
   887 | D:2      | Killed Sigmund
   888 | D:2      | Reached skill level 1 in Stealth
   888 | D:2      | Reached skill level 4 in Unarmed Combat
   888 | D:2      | Reached XP level 3. HP: 14/23 MP: 4/7
   888 | D:2      | Reached XP level 4. HP: 17/28 MP: 4/8
   888 | D:2      | Reached XP level 5. HP: 20/33 MP: 4/9
  1516 | D:3      | Learned a level 3 spell: Spider Form
  1732 | D:3      | Found a faded altar of an unknown god.
  2277 | D:4      | Reached skill level 1 in Poison Magic
  2309 | D:4      | Reached XP level 6. HP: 36/38 MP: 10/10
  2506 | D:4      | Slain by a gnoll shaman

Illustrated notes

Levels and vault maps discovered:
D:1:      minmay_arrival_nine_rooms, layout_rooms, serial_bayou_lagoon_b
D:2:      layout_rooms, hangedman_decor_slide_cut, uniq_sigmund
D:3:      layout_loops_ring, hellmonk_ecumenical_altar_pennies_from_heaven,
          bh_walls_and_bars
D:4:      layout_rooms, minmay_close_crescents, uniq_eustachio

Skill      XL: |  1  2  3  4  5  6 |
---------------+-------------------+-----
Stealth        | 1 |  1.1
Unarmed Combat | 4 |  4.7
Spellcasting   | 3 |  3.2
Poison Magic   | 1 |  1.2
Transmutations | 3 |  3.0
Fighting       | |  1.3
Dodging        | |  2.7

Action                   |  1- 3 |  4- 6 || total
-------------------------+-------+-------++-------
Melee: Unarmed           |    36 |    37 ||    73
       Kick              |     7 |     7 ||    14
       Constrict         |     7 |    20 ||    27
       Tentacles         |     6 |    16 ||    22
       Punch             |     1 |     3 ||     4
       Short sword       |       |    23 ||    23
Throw: Dart              |       |    11 ||    11
 Cast: Beastly Appendage |     9 |     7 ||    16
  Use: Potion            |       |     1 ||     1
 Stab: Sleeping          |       |     4 ||     4
Armor: Skin              |     2 |     2 ||     4
Dodge: Dodged            |    22 |    38 ||    60
